 Dungeon Crawl Stone Soup version 0.31-a0-227-ga22c3bf811 (webtiles) character file.

Game seed: 1072928321307313638

60 BritishOli the Trooper (level 3, -2/29 HPs)
             Began as a Demonspawn Fighter on July 6, 2023.
             Killed from afar by Terence (7 damage)
             ... with a puff of flame
             ... on level 2 of the Dungeon.
             The game lasted 00:01:00 (936 turns).

BritishOli the Trooper (Demonspawn Fighter)          Turns: 936, Time: 00:01:01

Health: -2/29      AC: 11    Str: 18    XL:     3   Next: 82%
Magic:  3/3        EV:  9    Int:  9    God:
Gold:   41         SH:  4    Dex: 12    Spells: 2/2 levels left

rFire   . . .        a - +0 long sword
rCold   . . .        c - +0 buckler
rNeg    . . .        b - +0 scale mail
rPois   .            (no helmet)
rElec   .            o - +0 cloak
rCorr   .            (no gloves)
SInv    .            (no boots)
Will    .....        (no amulet) Stlth
                     f - +4 ring of protection
HPRegen 0.24/turn    (no ring)
MPRegen 0.08/turn

%: no passive effects
@: no status effects
A: weakness stinger 1
a: no special abilities


You were on level 2 of the Dungeon.
You visited 1 branch of the dungeon, and saw 2 of its levels.

You collected 41 gold pieces.

Inventory:

Hand Weapons
 a - a +0 long sword (weapon)
Missiles
 l - 2 throwing nets
Armour
 b - a +0 scale mail (worn)
 c - a +0 buckler (worn)
 o - a +0 cloak (worn)
Jewellery
 f - a +4 ring of protection (left hand)
Scrolls
 e - 2 scrolls of identify {unknown}
 g - a scroll of blinking {unknown}
 k - a scroll of enchant weapon {unknown}
Potions
 d - a potion of might
 h - a potion of haste {unknown}
 i - a potion of enlightenment {unknown}
 j - a potion of curing {unknown}
 m - a potion of attraction {unknown}
 n - a potion of experience {unknown}


   Skills:
 + Level 3.5 Fighting
 + Level 2.4 Long Blades
 + Level 3.1 Armour
 + Level 3.1 Shields


You had 2 spell levels left.
You didn't know any spells.
Your spell library was empty.

Dungeon Overview and Level Annotations

Branches:
Dungeon (2/15)

Altars:

Annotations:
D:2 Terence


Innate Abilities, Weirdness & Mutations

You have a small tail.


Message History

You hit Jessica but do no damage.
Terence zaps a wand.
The puff of flame hits you but does no damage.
Jessica gestures at you while chanting. Pain shoots through your body!
You slash Jessica!
Your tail-slap misses Jessica.
Jessica is severely wounded.
Terence zaps a wand.
The puff of flame hits you. Jessica barely misses you.
Terence zaps a wand.
The puff of flame hits you! Jessica closely misses you.
You are too injured to fight recklessly!
You are too injured to fight recklessly!
You are too injured to fight recklessly!
You are too injured to fight recklessly!
You are too injured to fight recklessly!
You are too injured to fight recklessly!
You are too injured to fight recklessly!
You are too injured to fight recklessly!
You are too injured to fight recklessly!
You are too injured to fight recklessly!
You are too injured to fight recklessly!
You are too injured to fight recklessly!
You are too injured to fight recklessly!
You are too injured to fight recklessly!
You are too injured to fight recklessly!
You are too injured to fight recklessly!
You are too injured to fight recklessly!
You are too injured to fight recklessly!
You are too injured to fight recklessly!
You are too injured to fight recklessly!
You are too injured to fight recklessly!
You hit Jessica.
You kill Jessica!
Terence closely misses you.
You closely miss Terence.
Your tail-slap misses Terence.
Terence zaps a wand.
The puff of flame hits you.
* * * LOW HITPOINT WARNING * * *
You barely miss Terence. Terence barely misses you. Terence closely misses you.
You closely miss Terence. You tail-slap Terence.
Terence is lightly wounded.
Terence zaps a wand.
The puff of flame hits you!
You die...

#.##.........(#
#.##....[.....#
#.##..........#
#.##..........#
#. #..........#
######.#####
#..####
##....#####...
###..@@....[.
#..)#####.#
#...# #...#
#...# #...#
.#### ..


You could see Terence.

Vanquished Creatures
  Jessica (D:2)
  An orc (D:2)
  5 ball pythons (D:1)
  2 giant cockroaches (D:1)
  2 goblins (D:1)
  6 hobgoblins
  3 jackals (D:1)
  2 kobolds (D:1)
  5 bats (D:1)
  A frilled lizard (D:1)
  2 rats (D:1)
30 creatures vanquished.

Notes
Turn   | Place    | Note
-------+----------+-------------------------------------------
     0 | D:1      | BritishOli the Demonspawn Fighter began the quest for the
                  | Orb.
     0 | D:1      | Reached XP level 1. HP: 18/18 MP: 1/1
   177 | D:1      | Gained mutation: You have a small tail. [demonic ancestry]
   177 | D:1      | Reached XP level 2. HP: 20/24 MP: 2/2
   717 | D:1      | Reached XP level 3. HP: 29/29 MP: 3/3
   927 | D:2      | Noticed Jessica
   927 | D:2      | Noticed Terence
   933 | D:2      | Killed Jessica
   936 | D:2      | Killed from afar by Terence

Illustrated notes

Levels and vault maps discovered:
D:1:      spicycebolla_green_bress_n_ham_2, layout_basic, minmay_pentomino_r4
D:2:      kennysheep_big_flooded_room, layout_basic,
          nicolae_kite_square_tiling_tiny, uniq_jessica, uniq_terence,
          uniq_sigmund

Skill      XL: |  1  2 |
---------------+-------+-----
Long Blades    | 2 |  2.4
Armour         | 3 |  3.1
Shields        | 3 |  3.1
Fighting       | |  3.5

Action                     || total
---------------------------++-------
  Melee: Long sword        ||   110
         Tailslap          ||     5
 Armour: Scale mail        ||    65
  Dodge: Dodged            ||    64
  Block: Buckler           ||    26

Table legend: (Time is in decaauts)
 A = Elapsed time spent in this place.
 B = Non-inter-level travel time spent in this place.
 C = Inter-level travel time spent in this place.
 D = Time resting spent in this place.
 E = Time spent auto-exploring this place.
 F = Levels seen in this place.
 G = Mean time per level.
                   A        B        C        D        E       F      G
               +--------+--------+--------+--------+--------+-----+--------+
         Total |    974 |    961 |     13 |      0 |    711 |   2 |  487.0 |
       Dungeon |    974 |    961 |     13 |      0 |    711 |   2 |  487.0 |
               +--------+--------+--------+--------+--------+-----+--------+

Top non-repeatable levels by time:
     D:1: 910 daAuts
     D:2: 63 daAuts
